 Dungeon Sprint DCSS version 0.23.0 (webtiles) character file.

Game seed: 13719973258144876973

447 Infinimo the Martial Artist (level 6, -2/43 HPs)
             Began as a Demonspawn Transmuter on Feb 17, 2019.
             Was an Initiate of Cheibriados.
             Slain by Sonja
             ... wielding a +2 short sword of draining
              (5 damage)
             ... in the Dungeon (Sprint I: "Red Sonja").
             The game lasted 00:01:32 (795 turns).

Infinimo the Martial Artist (Demonspawn Transmuter)  Turns: 795, Time: 00:01:33

Health: -2/43      AC:  2    Str: 13    XL:     6   Next: 73%
Magic:  6/9        EV: 18    Int: 16    God:    Cheibriados [......]
Gold:   316        SH:  0    Dex: 19    Spells: 0/9 levels left

rFire    . . .     SeeInvis .     - Unarmed
rCold    . . .     Gourm    .   (shield currently unavailable)
rNeg     . . .     Faith    .   (armour currently unavailable)
rPois    x         Spirit   .   (helmet currently unavailable)
rElec    .         Reflect  .   (cloak currently unavailable)
rCorr    .         Harm     .   (gloves currently unavailable)
MR       .....     NoTele   +   (boots currently unavailable)
Stlth    ++........             (no amulet)
HPRegen  0.14/turn              (no ring)
MPRegen  0.11/turn              (no ring)

@: lethally poisoned (-2 -> -24), spider-form (expiring), slowed, drained, very
slow
A: tiny
a: End Transformation, Bend Time, Renounce Religion


You were in the Dungeon.
You worshipped Cheibriados.
Cheibriados was noncommittal.
You were not hungry.
You were a venomous arachnid creature.
You visited 1 branch You collected 316 gold pieces.

Inventory:

Missiles
 a - 12 arrows
Armour
 b - a +0 robe (melded)
Scrolls
 j - a scroll of blinking
Potions
 e - a potion of curing
 f - a potion of heal wounds
 g - a potion of haste
 h - 2 potions of magic
Comestibles
 d - a ration


   Skills:
 - Level 1.0(0.2) Fighting
 - Level 1.7(0.9) Dodging
 * Level 11.1(10.0) Unarmed Combat
 - Level 2.0(1.1) Spellcasting
 + Level 7.9(7.0) Transmutations


You couldn't memorise any spells.
You knew the following spells:

 Your Spells              Type           Power        Failure   Level  Hunger
a - Beastly Appendage     Tmut           ###...       6%          1    ##.....
b - Spider Form           Tmut/Pois      ##........   34%         3    ####...
c - Blade Hands           Tmut           ###.......   56%         5    ######.

Your spell library contained the following spells:

 Spells                   Type           Power        Failure   Level  Hunger
 Sticks to Snakes         Tmut           ###.....     8%          2    ###....
 Ice Form                 Ice/Tmut       ##......     69%         4    #####..


Dungeon Overview and Level Annotations

Branches:
Dungeon (1/1)

Altars:
Cheibriados
Dithmenos
Elyvilon
Fedhas
Gozag
Hepliaklqana
Kikubaaqudgha
Nemelex Xobeh
Okawaru
Qazlal
Ru
Sif Muna
Trog
Uskayaw
Vehumet
Wu Jian
Yredelemnul
Zin
The Shining One

Shops:
D }

Annotations:
D Sonja


Innate Abilities, Weirdness & Mutations

((You have a pair of small horns on your head.))
((Your flesh is cold resistant. (rC+)))


Message History

You are more poisoned.
You have difficulty breathing.
You feel as though you will be slow longer.
Your transformation is almost over.
You feel very sick.
Sonja unwields a +0 blowgun.
Sonja wields a +2 short sword of draining.
You sense an unholy aura.
Sonja hits you with a +2 short sword of draining!
You feel drained.
Sonja hits you with a +2 short sword of draining.
* * * LOW HITPOINT WARNING * * *
You feel drained.
* * * LOW HITPOINT WARNING * * *
Sonja barely misses you. x2
Sonja hits you with a +2 short sword of draining.
* * * LOW HITPOINT WARNING * * *
You feel drained.
Sonja hits you with a +2 short sword of draining.
You die...

#<.#..').#.)'..#
#..'[.#..'..#..+
#..#####'#####'#
#..####..#...#.#
#..#__####.(##.#
#..#_____##'#_.+
#⌠⌠#_.∩...'..._#
####_..__##_.#+#
#_____###s#
####### #K# $.$
#$.$# ##.## #+#


You could see Sonja.

Vanquished Creatures
  Sigmund (D)
  A yak (D)
  An ogre (D)
  A jelly (D)
  Ijyb (D)
5 creatures vanquished.

Notes
Turn   | Place    | Note
-------+----------+-------------------------------------------
     0 | D        | Infinimo the Demonspawn Transmuter began the quest for the
                  | Orb.
     0 | D        | Reached XP level 1. HP: 15/15 MP: 3/3
     1 | D        | Noticed Ijyb
    12 | D        | Killed Ijyb
    12 | D        | Reached skill level 5 in Unarmed Combat
    12 | D        | Gained mutation: Your flesh is cold resistant. (rC+)
                  | [demonic ancestry]
    12 | D        | Reached XP level 2. HP: 21/21 MP: 5/5
    13 | D        | Noticed an ogre
    24 | D        | Killed an ogre
    24 | D        | Reached skill level 7 in Unarmed Combat
    24 | D        | Reached skill level 5 in Transmutations
    24 | D        | Gained mutation: You have a pair of small horns on your
                  | head. [demonic ancestry]
    24 | D        | Reached XP level 3. HP: 3/26 MP: 6/6
    24 | D        | Reached XP level 4. HP: 3/32 MP: 7/7
   302 | D        | Learned a level 3 spell: Spider Form
   310 | D        | Noticed Sigmund
   327 | D        | Killed Sigmund
   327 | D        | Reached skill level 9 in Unarmed Combat
   327 | D        | Reached XP level 5. HP: 14/37 MP: 5/8
   529 | D        | Found a deep blue altar of Sif Muna.
   531 | D        | Found an ornate altar of the Wu Jian Council.
   532 | D        | Found a radiant altar of Vehumet.
   536 | D        | Reached skill level 10 in Unarmed Combat
   536 | D        | Reached XP level 6. HP: 43/43 MP: 5/9
   572 | D        | Learned a level 5 spell: Blade Hands
   597 | D        | Found Gezump's Gadget Emporium.
   597 | D        | Found an ancient bone altar of Kikubaaqudgha.
   597 | D        | Found a hazy altar of Hepliaklqana.
   597 | D        | Found a stormy altar of Qazlal.
   597 | D        | Found a hide-covered altar of Uskayaw.
   597 | D        | Found a blossoming altar of Fedhas.
   597 | D        | Found a bloodstained altar of Trog.
   597 | D        | Found an iron altar of Okawaru.
   597 | D        | Found a basalt altar of Yredelemnul.
   597 | D        | Found a glowing golden altar of the Shining One.
   597 | D        | Found a snail-covered altar of Cheibriados.
   597 | D        | Found a sacrificial altar of Ru.
   597 | D        | Found a glowing silver altar of Zin.
   597 | D        | Found a shadowy altar of Dithmenos.
   597 | D        | Found a white marble altar of Elyvilon.
   597 | D        | Noticed a yak
   605 | D        | Killed a yak
   605 | D        | Reached skill level 11 in Unarmed Combat
   606 | D        | Found an opulent altar of Gozag.
   607 | D        | Found a sparkling altar of Nemelex Xobeh.
   631 | D        | Became a worshipper of Cheibriados the Contemplative
   792 | D        | Noticed Sonja
   795 | D        | Slain by Sonja

Skill      XL: |  1  2  3  4  5  6 |
---------------+-------------------+-----
Unarmed Combat | 5 7 9 10 11 | 11.1
Transmutations | 3 5 6 7 |  7.9
Fighting       | |  1.0
Dodging        | |  1.7
Spellcasting   | |  2.0

Action                   |  1- 3 |  4- 6 || total
-------------------------+-------+-------++-------
Melee: Unarmed           |    17 |    17 ||    34
 Cast: Spider Form       |       |     5 ||     5
  Use: Potion            |     1 |       ||     1
 Stab: Sleeping          |       |     1 ||     1
Armor: Robe              |     1 |       ||     1
Dodge: Dodged            |    11 |    10 ||    21
